 Dungeon Crawl Stone Soup version 0.30.1-9-gdf580d7c3d (webtiles) character file.

Game seed: 15481098596743224454

158 Ninjinzu the Firebug (level 5, -1/35 HPs)
             Began as a Demonspawn Fire Elementalist on Oct 5, 2023.
             Slain by a lemure (3 damage)
             ... led by Pikel
             ... on level 4 of the Dungeon.
             The game lasted 00:21:01 (3142 turns).

Ninjinzu the Firebug (Demonspawn Fire Elementalist) Turns: 3142, Time: 00:21:02

Health: -1/35      AC:  5    Str:  6 (8)  XL:     5   Next: 16%
Magic:  0/9        EV: 12    Int: 16 (19) God:
Gold:   64         SH:  0    Dex: 11 (13) Spells: 6/10 levels left

rFire   + . .        r - +0 hand axe (freeze)
rCold   x . .        (no shield)
rNeg    . . .        a - +0 robe
rPois   .            (no helmet)
rElec   .            t - scarf {repulsion}
rCorr   .            (no gloves)
SInv    .            (no boots)
Will    .....        i - amulet of guardian spirit
Stlth   ++           s - ring of fire
HPRegen 0.25/turn    (no ring)
MPRegen 0.11/turn

%: repel missiles, guardian spirit
@: brilliant
A: claws 2, icy blue scales 2
a: no special abilities


You were on level 4 of the Dungeon.
You visited 1 branch of the dungeon, and saw 5 of its levels.

You collected 64 gold pieces.

Inventory:

Hand Weapons
 l - a +0 heavy sling
 r - a +0 hand axe of freezing (weapon)
Armour
 a - a +0 robe (worn)
 t - a scarf of repulsion (worn)
Jewellery
 i - an amulet of guardian spirit (around neck)
 s - a ring of fire (left claw)
Scrolls
 b - 2 scrolls of noise {unknown}
 c - a scroll of enchant weapon {unknown}
 d - a scroll of identify {unknown}
 f - a scroll of torment {unknown}
 g - a scroll of blinking {unknown}
 k - a scroll of amnesia {unknown}
 m - 2 scrolls of silence
 o - a scroll of fog {unknown}
 p - a scroll of enchant armour {unknown}
Potions
 e - a potion of invisibility {unknown}
 h - a potion of degeneration
 j - 2 potions of brilliance
 n - a potion of lignification {unknown}
 q - 2 potions of might {unknown}


   Skills:
 + Level 1.2 Axes
 + Level 2.0 Dodging
 + Level 1.9 Stealth
 + Level 3.0 Spellcasting
 + Level 1.8 Conjurations
 + Level 0.1 Necromancy
 + Level 4.0 Fire Magic


You had 6 spell levels left.
You knew the following spells:

 Your Spells              Type           Power      Damage    Failure   Level
a - Foxfire               Conj/Fire      100%       2x1d9     5%          1
b - Scorch                Fire           68%        2d7       5%          2
c - Necrotise             Necr           16%        1d4       19%         1

Your spell library contained the following spells:

 Spells                   Type           Power      Damage    Failure   Level
 Magic Dart               Conj           48%        1d5       9%          1
 Freeze                   Ice            12%        1d3       19%         1
 Inner Flame              Hex/Fire       20%        N/A       24%         3
 Volatile Blastmotes      Fire/Tloc      40%        2d13      24%         3
 Blink                    Tloc           6%         N/A       28%         2
 Call Imp                 Summ           6%         N/A       28%         2
 Hailstorm                Conj/Ice       8%         3d4       36%         3
 Mephitic Cloud           Conj/Pois/Air  6%         N/A       41%         3
 Vampiric Draining        Necr           4%         2d6       47%         3
 Call Canine Familiar     Summ           3%         N/A       50%         3
 Frozen Ramparts          Ice            6%         1d1       50%         3
 Portal Projectile        Hex/Tloc       6%         N/A       50%         3
 Flame Wave               Conj/Fire      26%        2d8       50%         4
 Leda's Liquefaction      Hex/Erth       1%         N/A       88%         4
 Manifold Assault         Tloc           3%         N/A       88%         4
 Agony                    Necr           4%         N/A       99%         5
 Summon Cactus Giant      Summ           1%         N/A       100%        6
 Storm Form               Tmut/Air       1%         N/A       100%        7


Dungeon Overview and Level Annotations

Branches:
Dungeon (5/15)
 Temple: D:4-7

Altars:
Hepliaklqana
Okawaru

Shops:
D:2 [


Innate Abilities, Weirdness & Mutations

You have very sharp fingernails.
You are mostly covered in icy blue scales. (AC +3)


Message History

The foxfire hits the lemure.
The lemure is severely wounded.
Casting: Foxfire (safe; 4% risk of failure)
Press: ? - help, Q - select action, (/) - cycle Dir - look around, f - activate You feel a surge of power!
You miscast Foxfire.
You are very lightly contaminated with residual magic.
Nothing appears to happen.
The lemure hits you.
You closely miss the lemure.
The lemure is severely wounded.
The lemure hits you.
You hit the lemure. You freeze the lemure.
The lemure is almost dead.
The lemure hits you.
You hit the lemure. You freeze the lemure.
The lemure is almost dead.
The lemure completely misses you.
You completely miss the lemure.
The lemure is almost dead.
The lemure hits you.
* * * LOW HITPOINT WARNING * * *
The lemure hits you but does no damage.
Your magical contamination has completely faded away.
There is a stone staircase leading down here.
The lemure hits you.
* * * LOW HITPOINT WARNING * * *
You climb downwards.
There is a stone staircase leading up here.
The lemure hits you.
* * * LOW HITPOINT WARNING * * *
You climb upwards.
There is a stone staircase leading down here.
It was a potion of brilliance.
You feel clever all of a sudden. The lemure hits you but does no damage.
It was a potion of degeneration.
There was something very wrong with that liquid.
You feel weakened.
You feel dopey.
You feel clumsy. The lemure hits you.
You die...

......########...#......#...#....
......#..........#......#...#....
......#..........'......#...'....
......#..........#......#...#....
......##########'#......###.###'#
................[.....#########..
................(.....#...#......
#........<......[.....#...#......
+...............@.....#...#......
#............รท..5.....#.5.'......
#.....................#'###..##..
###################......##..####
#..#......#.......
#..#......#.......
#..#......#.......
#..+......#....<.. #####+#
##'#...)..#'####..


You could see a lemure.

Vanquished Creatures
  A lemure (D:4)
  Natasha (D:4)
  An orc wizard (D:4)
  2 adders (D:2)
  3 worms
  3 dart slugs
  8 orcs
  3 bats
  7 endoplasms
  4 giant cockroaches
  9 goblins
  5 hobgoblins
  4 jackals (D:3)
  3 kobolds
  2 quokkas (D:1)
  2 ball pythons
  3 frilled lizards
  2 rats (D:1)
  A spectral hobgoblin (D:3)
64 creatures vanquished.

Vanquished Creatures (others)
  158 foxfires
158 creatures vanquished.

Grand Total: 222 creatures vanquished

Notes
Turn   | Place    | Note
-------+----------+-------------------------------------------
     0 | D:1      | Ninjinzu the Demonspawn Fire Elementalist began the quest
                  | for the Orb.
     0 | D:1      | Reached XP level 1. HP: 13/13 MP: 3/3
   202 | D:1      | Reached skill level 3 in Fire Magic
   233 | D:1      | Gained mutation: You are partially covered in icy blue
                  | scales. (AC +2) [demonic ancestry]
   233 | D:1      | Reached XP level 2. HP: 19/19 MP: 3/5
   907 | D:2      | Gained mutation: You are mostly covered in icy blue scales.
                  | (AC +3) [demonic ancestry]
   907 | D:2      | Reached XP level 3. HP: 21/24 MP: 0/6
   994 | D:2      | Learned a level 2 spell: Scorch
   996 | D:2      | Learned a level 1 spell: Necrotise
  1536 | D:2      | Found Cacrianuwa's Armour Boutique.
  2055 | D:3      | Found a hazy altar of Hepliaklqana.
  2058 | D:3      | Gained mutation: You have sharp fingernails. [demonic
                  | ancestry]
  2058 | D:3      | Reached XP level 4. HP: 30/30 MP: 4/7
  2277 | D:3      | Found an iron altar of Okawaru.
  2779 | D:4      | Reached skill level 4 in Fire Magic
  2904 | D:4      | Noticed Natasha
  2914 | D:4      | Killed Natasha
  2915 | D:4      | Reached skill level 1 in Axes
  2915 | D:4      | Gained mutation: You have very sharp fingernails. [demonic
                  | ancestry]
  2915 | D:4      | Reached XP level 5. HP: 32/35 MP: 4/9
  3086 | D:4      | Noticed a lemure
  3087 | D:4      | Noticed a lemure
  3087 | D:4      | Noticed a lemure
  3124 | D:4      | Killed a lemure
  3138 | D:5      | Entered Level 5 of the Dungeon
  3142 | D:4      | Slain by a lemure

Illustrated notes

Levels and vault maps discovered:
D:1:      eino_arrival_cavern_e, layout_rooms, st_stairs_2
D:2:      layout_rooms, serial_shops, nicolae_lakefront_shop
D:3:      layout_rooms, nicolae_hepliaklqana_monster_ancestors,
          lemuel_crystal_altar, hex_medium
D:4:      layout_gridville, uniq_natasha, uniq_pikel
D:5:      layout_cave_pools, lemuel_tele_altar, serial_shops, shop, shop, shop,
          nicolae_shop_tiny_waterfront

Skill      XL: |  1  2  3  4 |
---------------+-------------+-----
Fire Magic     | 3 4 |  4.0
Dodging        | 2 |  2.0
Spellcasting   | 3 |  3.0
Axes           | 1 |  1.2
Stealth        | |  1.9
Conjurations   | |  1.8
Necromancy     | |  0.1

Action                     |  1- 3 |  4- 6 || total
---------------------------+-------+-------++-------
  Melee: Unarmed           |    21 |     4 ||    25
         Hand axe          |       |    27 ||    27
   Cast: Foxfire           |    59 |    45 ||   104
         Scorch            |    10 |     3 ||    13
         Necrotise         |     3 |     1 ||     4
    Use: Potion            |     1 |     2 ||     3
         Scroll            |       |     1 ||     1
 Armour: Robe              |    36 |    15 ||    51
  Dodge: Dodged            |    74 |    31 ||   105
